 Dungeon Crawl Stone Soup version 0.18-b1-22-ge198996 (webtiles) character file.

112 varam the Sneak (level 4, 21/21 HPs)
             Began as a Spriggan Enchanter on May 3, 2016.
             Quit the game on level 3 of the Dungeon on May 4, 2016.
             The game lasted 00:07:50 (1995 turns).

varam the Sneak (Spriggan Enchanter)                Turns: 1995, Time: 00:07:50

Health: 21/21      AC:  3    Str:  4    XL:     4   Next: 64%
Magic:  2/9        EV: 18    Int: 16    God:
Gold:   213        SH:  0    Dex: 17    Spells: 3 memorised, 2 levels left

rFire  . . .     SeeInvis +     a - +1 dagger
rCold  . . .     Gourm    .     b - +1 robe
rNeg   . . .     Faith    .     (shield restricted)
rPois  .         Spirit   +     (helmet restricted)
rElec  .         Dismiss  .     (no cloak)
rCorr  .         Reflect  .     (gloves unavailable)
SustAt .         Harm     .     (boots unavailable)
MR     .....                    l - amulet of guardian spirit
Stlth  ++++......               (no ring)
                                m - ring of flight

@: very slightly contaminated, very quick, not resistant to hostile
enchantments, stealthy
A: unfitting armour, see invisible, herbivore 3, speed 3, slow metabolism 2
a: Evoke Flight


You were on level 3 of the Dungeon.
You were hungry.

You visited 1 branch of the dungeon, and saw 3 of its levels.

You collected 213 gold pieces.

Inventory:

Hand Weapons
 a - a +1 dagger (weapon)
Armour
 b - a +1 robe (worn)
Jewellery
 l - an amulet of guardian spirit (around neck)
 m - a ring of flight (left hand)
 t - a cursed ring of teleportation {unknown}
Scrolls
 e - a scroll of enchant weapon {unknown}
 f - 6 scrolls of identify {unknown}
 i - a scroll of random uselessness {unknown}
 j - a scroll of noise {unknown}
 k - a scroll of immolation {unknown}
 o - a scroll of magic mapping {unknown}
 p - a scroll of remove curse {unknown}
 q - 2 scrolls of amnesia {unknown}
 s - a scroll of fear {unknown}
Potions
 g - a potion of degeneration {unknown}
 h - a potion of curing {unknown}
 n - a potion of haste {unknown}
 r - a potion of brilliance {unknown}
Books
 c - a book of Maledictions

   Spells                             Type                      Level
   a - Corona                         Hexes                        1
   b - Ensorcelled Hibernation        Hexes/Ice                    2
   c - Confuse                        Hexes                        3
   d - Tukima's Dance                 Hexes                        3
   e - Dazzling Spray                 Conjuration/Hexes            3
Comestibles
 d - 3 bread rations


   Skills:
 + Level 3.7 Short Blades
 - Level 3.0 Dodging
 + Level 6.4 Stealth
 - Level 2.6 Spellcasting
 - Level 3.6 Hexes


You had 2 spell levels left.
You knew the following spells:

 Your Spells              Type           Power        Failure   Level  Hunger
a - Ensorcelled Hibernat  Hex/Ice        #.....       17%         2    ##.....
b - Corona                Hex            ##.....      6%          1    #......
c - Confuse               Hex            ##......     14%         3    ###....


Dungeon Overview and Level Annotations

Branches:
Dungeon (3/15)

Altars:
Nemelex Xobeh


Innate Abilities, Weirdness & Mutations

You are tiny and cannot use many weapons and most armour.
You have supernaturally acute eyesight.
You are a herbivore.
You cover ground extremely quickly.
You need consume almost no food.


Message History

Aim: a giant newt (heavily wounded, chance to defeat MR: 81%)
You miscast Confuse.
You are very lightly contaminated with residual magic.
Your hands glow momentarily.
The orc moves out of view.
The giant newt barely misses you.
You closely miss the giant newt.
The giant newt is heavily wounded.
The giant newt closely misses you.
Casting: Confuse
Confirm with . or Enter, or press ? or * to list all spells.
You don't have enough magic to cast that spell.
Unknown command.
You see here 5 gold pieces.
Welcome back, varam the Spriggan Enchanter.
Press ? for a list of commands and other information.
Search for what [? for help]?
Okay, then.
Welcome back, varam the Spriggan Enchanter.
Press ? for a list of commands and other information.
Are you sure you want to abandon this character and quit the game? (Confirm with "yes".)

.........# #.#
#o###.....
.....###.### #.#
#.^......
.....+.....####.###
#.###.###.
.....###..........#
#l..>.....
####<......####.#.#
#...#..#[ #.####..#
#.#.# #.#.# .. #.#
#..####.#.# #.#.#
#.#
#.......#.###.#.#
#†#
##......@......%##.#
#.#
########.#..........
#.#
######.#.#......##
#.#
#......#.########
#.# #.######.# #.#
#.# #.# #.# #.# #.#
#)# #.# #.#
#.#######.# #.#


There were no monsters in sight!

Vanquished Creatures
  A centaur skeleton (D:3)
  2 adders
  2 gnolls
  An ooze (D:2)
  3 worms
  2 giant geckos (D:1)
  2 giant cockroaches
  A goblin (D:2)
  3 hobgoblins
  2 jackals (D:3)
  4 kobolds (D:2)
  A quokka (D:2)
  3 bats (D:2)
  5 giant newts
  5 rats
37 creatures vanquished.

Notes
Turn   | Place    | Note
--------------------------------------------------------------
     0 | D:1      | varam the Spriggan Enchanter began the quest for the Orb.
     0 | D:1      | Reached XP level 1. HP: 9/9 MP: 5/5
    53 | D:1      | Reached XP level 2. HP: 13/13 MP: 4/6
   205 | D:1      | Learned a level 2 spell: Ensorcelled Hibernation
   246 | D:1      | Reached skill level 5 in Stealth
   795 | D:2      | Reached XP level 3. HP: 13/16 MP: 2/8
   796 | D:2      | Found a sparkling altar of Nemelex Xobeh.
  1237 | D:2      | Learned a level 3 spell: Confuse
  1883 | D:3      | Reached skill level 6 in Stealth
  1883 | D:3      | Reached XP level 4. HP: 21/21 MP: 1/9
  1995 | D:3      | Quit the game

Skill      XL: |  1  2  3 |
---------------+----------+-----
Short Blades   | 2 3 |  3.7
Stealth        | 5 6 |  6.4
Dodging        | |  3.0
Spellcasting   | |  2.6
Hexes          | |  3.6

Action                   |  1- 3 |  4- 6 || total
-------------------------+-------+-------++-------
Melee: Dagger            |   110 |     7 ||   117
 Cast: Corona            |    10 |       ||    10
       Ensorcelled Hiber |    14 |       ||    14
       Confuse           |     5 |     1 ||     6
 Stab: Sleeping          |    21 |     1 ||    22
       Confused          |     3 |     1 ||     4
Armor: Robe              |     9 |     1 ||    10
Dodge: Dodged            |    75 |     5 ||    80
